MLB
LOS ANGELES DODGERS @ SAN FRANCISCO GIANTS
07/11/2044
 
TOP OF THE 1ST
Los Angeles Dodgers batting - Pitching for San Francisco Giants : RHP Curt Howland
Pitching: RHP Curt Howland
Batting: SHB Joel Baker 0-0: Ball
1-0: Ball
2-0: Foul Ball, location: 2F
2-1: Foul Ball, location: 2F
2-2: Strikes out looking
Batting: LHB Chris Ringwood 0-0: Called Strike
0-1: Called Strike
0-2: Ball
1-2: Fly out, F7 (Line Drive, 7, EV 84.4 MPH)
Batting: LHB Bob Branham 0-0: Foul Ball, location: 2F
0-1: Ball
1-1: Ground out 4-3 (Groundball, 34, EV 103.8 MPH)
Top of the 1st over - 0 runs, 0 hits, 0 errors, 0 left on base; Los Angeles 0 - San Francisco 0
BOTTOM OF THE 1ST
San Francisco Giants batting - Pitching for Los Angeles Dodgers : RHP Justin Scheithauer
Pitching: RHP Justin Scheithauer
Batting: RHB Jason May 0-0: SINGLE (Groundball, 6M, EV 101.3 MPH) (infield hit)
Batting: SHB Ryan Doss 0-0: Ball
1-0: Ball
2-0: Foul Ball, location: 2F
2-1: Swinging Strike
2-2: Strikes out swinging
Batting: LHB Jack Henningar 0-0: Foul Ball, location: 2F
0-1: SINGLE (Groundball, 4MD, EV 91.3 MPH) (infield hit)
Jason May to second
Batting: LHB Willis Robles 0-0: Called Strike
Jason May steals 3rd base
Jack Henningar to second
0-1: Fly out, F8 (Line Drive, 8LD, EV 111.3 MPH)
Runner from 3rd tags up, SCORES, throw by CF
Jack Henningar to third
Batting: RHB Sean Zielinski 0-0: SINGLE (Line Drive, 8LS, EV 96.3 MPH)
Jack Henningar scores
Batting: RHB Quintin Parker 0-0: Ball
1-0: Foul Ball, location: 2F
1-1: Called Strike
1-2: Ball
2-2: Ground out 4-3 (Groundball, 34, EV 90.0 MPH)
Bottom of the 1st over - 2 runs, 3 hits, 0 errors, 1 left on base; Los Angeles 0 - San Francisco 2
TOP OF THE 2ND
Los Angeles Dodgers batting - Pitching for San Francisco Giants : RHP Curt Howland
Batting: LHB Lirak Bazhunaishvili 0-0: Called Strike
0-1: Swinging Strike
0-2: Ball
1-2: Ball
2-2: Ball
3-2: Fly out, F9 (Flyball, 9LD, EV 81.3 MPH)
Batting: RHB Clay Buchanan 0-0: Foul Ball, location: 2F
0-1: Ball
1-1: SINGLE (Groundball, 6S, EV 65.6 MPH) (infield hit)
Batting: RHB Jorge Severiano 0-0: Called Strike
0-1: Foul Ball, location: 2F
0-2: Ball
1-2: Hit by Pitch
Clay Buchanan to second
Batting: RHB Tsutomu Irie 0-0: Called Strike
0-1: Ball
1-1: Swinging Strike
1-2: Strikes out swinging
Batting: RHB Ben Mischnick 0-0: Called Strike
0-1: Ball
1-1: Foul Ball, location: 2F
1-2: Strikes out swinging
Top of the 2nd over - 0 runs, 1 hit, 0 errors, 2 left on base; Los Angeles 0 - San Francisco 2
BOTTOM OF THE 2ND
San Francisco Giants batting - Pitching for Los Angeles Dodgers : RHP Justin Scheithauer
Batting: SHB Bill Dooms 0-0: Ball
1-0: Swinging Strike
1-1: Ball
2-1: Foul Ball, location: 2F
2-2: Strikes out swinging
Batting: RHB Henri Cederberg 0-0: Foul Ball, location: 2F
0-1: Ball
1-1: Ball
2-1: Ball
3-1: Swinging Strike
3-2: Foul Ball, location: 2F
3-2: Fly out, F9 (Flyball, 9LD, EV 102.5 MPH)
Batting: RHB Xavier Castellanos 0-0: Ground out 4-3 (Groundball, 4, EV 86.3 MPH)
Bottom of the 2nd over - 0 runs, 0 hits, 0 errors, 0 left on base; Los Angeles 0 - San Francisco 2
TOP OF THE 3RD
Los Angeles Dodgers batting - Pitching for San Francisco Giants : RHP Curt Howland
Batting: RHB Isaiah Yarbrough 0-0: DOUBLE (Flyball, 89D, EV 93.8 MPH)
Batting: SHB Joel Baker 0-0: Ball
1-0: Swinging Strike
1-1: Fly out, F7 (Flyball, 7LS, EV 79.4 MPH)
Batting: LHB Chris Ringwood 0-0: Called Strike
0-1: Ball
1-1: Foul Ball, location: 2F
1-2: Strikes out looking
Batting: LHB Bob Branham 0-0: Called Strike
0-1: SINGLE (Line Drive, 56D, EV 102.5 MPH)
Isaiah Yarbrough to third
Runner from 3rd tries for Home, throw by LF and OUT! 7-2
Top of the 3rd over - 0 runs, 2 hits, 0 errors, 1 left on base; Los Angeles 0 - San Francisco 2
BOTTOM OF THE 3RD
San Francisco Giants batting - Pitching for Los Angeles Dodgers : RHP Justin Scheithauer
Batting: RHB Jason May 0-0: Ball
1-0: Ball
2-0: Called Strike
2-1: Called Strike
2-2: Strikes out swinging
Batting: SHB Ryan Doss 0-0: Ball
1-0: Called Strike
1-1: Foul Ball, location: 2F
1-2: Ball
2-2: Ball
3-2: Foul Ball, location: 2F
3-2: Fly out, F9 (Line Drive, 9, EV 86.3 MPH)
Batting: LHB Jack Henningar 0-0: SINGLE (Groundball, 4MD, EV 100.6 MPH)
Batting: LHB Willis Robles 0-0: Called Strike
0-1: Called Strike
0-2: Foul Ball, location: 2F
0-2: Ball
1-2: SINGLE (Groundball, 6D, EV 97.5 MPH)
Jack Henningar to second
Batting: RHB Sean Zielinski 0-0: Foul Ball, location: 2F
0-1: Fly out, F7 (Flyball, 7D, EV 103.8 MPH)
Bottom of the 3rd over - 0 runs, 2 hits, 0 errors, 2 left on base; Los Angeles 0 - San Francisco 2
TOP OF THE 4TH
Los Angeles Dodgers batting - Pitching for San Francisco Giants : RHP Curt Howland
Batting: LHB Lirak Bazhunaishvili 0-0: Called Strike
0-1: Swinging Strike
0-2: Ball
1-2: Strikes out swinging
Batting: RHB Clay Buchanan 0-0: Ball
1-0: SINGLE (Line Drive, 78M, EV 92.5 MPH)
Batting: RHB Jorge Severiano 0-0: Called Strike
0-1: Foul Ball, location: 2F
0-2: Foul Ball, location: 2F
0-2: Hit by Pitch
Clay Buchanan to second
Batting: RHB Tsutomu Irie 0-0: Ball
1-0: Foul Ball, location: 2F
1-1: SINGLE (Line Drive, 8RS, EV 95.6 MPH)
Clay Buchanan to third
Jorge Severiano to second
Runner from 3rd tries for Home, SAFE, throw by CF to home
Batting: RHB Ben Mischnick 0-0: Ball
1-0: Called Strike
1-1: Swinging Strike
1-2: Ball
2-2: Ball
3-2: Base on Balls
Jorge Severiano to third
Tsutomu Irie to second
Batting: RHB Isaiah Yarbrough 0-0: Called Strike
0-1: Swinging Strike
0-2: Ball
1-2: Foul Ball, location: 2F
1-2: Ball
2-2: Ball
3-2: Strikes out swinging
Batting: SHB Joel Baker 0-0: Ball
1-0: Fly out, F7 (Flyball, 7S, EV 90.0 MPH)
Top of the 4th over - 1 run, 2 hits, 0 errors, 3 left on base; Los Angeles 1 - San Francisco 2
BOTTOM OF THE 4TH
San Francisco Giants batting - Pitching for Los Angeles Dodgers : RHP Justin Scheithauer
Batting: RHB Quintin Parker 0-0: Ground out U3 (Groundball, 3S, EV 90.0 MPH)
Batting: SHB Bill Dooms 0-0: Foul Ball, location: 2F
0-1: Ground out 3-1 (Groundball, 34S, EV 85.0 MPH)
Batting: RHB Henri Cederberg 0-0: Called Strike
0-1: Ball
1-1: Swinging Strike
1-2: Foul Ball, location: 2F
1-2: Strikes out swinging
Bottom of the 4th over - 0 runs, 0 hits, 0 errors, 0 left on base; Los Angeles 1 - San Francisco 2
TOP OF THE 5TH
Los Angeles Dodgers batting - Pitching for San Francisco Giants : RHP Curt Howland
Batting: LHB Chris Ringwood 0-0: Ball
1-0: Foul Ball, location: 2F
1-1: Foul Ball, location: 2F
1-2: Strikes out looking
Batting: LHB Bob Branham 0-0: Ball
1-0: Fly out, F9 (Line Drive, 89M, EV 98.1 MPH)
Batting: LHB Lirak Bazhunaishvili 0-0: Called Strike
0-1: Ball
1-1: Foul Ball, location: 2F
1-2: Strikes out swinging
Top of the 5th over - 0 runs, 0 hits, 0 errors, 0 left on base; Los Angeles 1 - San Francisco 2
BOTTOM OF THE 5TH
San Francisco Giants batting - Pitching for Los Angeles Dodgers : RHP Justin Scheithauer
Batting: RHB Xavier Castellanos 0-0: Ball
1-0: Ball
2-0: Reached via error on a dropped throw from 1B, E1 (Groundball, 34S, EV 76.3 MPH)
Batting: RHB Jason May 0-0: Ball
1-0: Ball
2-0: Called Strike
2-1: Ball
3-1: Base on Balls
Xavier Castellanos to second
Batting: SHB Ryan Doss 0-0: Ball
1-0: Ball
2-0: Foul Ball, location: 2F
2-1: Fielders Choice at 2nd, 4-6 (Groundball, 4, EV 83.1 MPH)
Xavier Castellanos to third
Batting: LHB Jack Henningar 0-0: Ball
1-0: Called Strike
1-1: Called Strike
1-2: Ball
2-2: SINGLE (Line Drive, 34D, EV 95.0 MPH)
Xavier Castellanos scores
Ryan Doss to second
Runner from 2nd tries for 3rd, OUT! 9-5
Batting: LHB Willis Robles 0-0: Ball
1-0: Ball
2-0: SINGLE (Line Drive, 9, EV 104.4 MPH)
Jack Henningar to second
Batting: RHB Sean Zielinski 0-0: Ball
1-0: Swinging Strike
1-1: Ball
2-1: Fly out, F2 (Popup, 5SF, EV 84.4 MPH)
Bottom of the 5th over - 1 run, 2 hits, 1 error, 2 left on base; Los Angeles 1 - San Francisco 3
TOP OF THE 6TH
Los Angeles Dodgers batting - Pitching for San Francisco Giants : RHP Curt Howland
Batting: RHB Clay Buchanan 0-0: Ball
1-0: Ground out 3-1 (Groundball, 34S, EV 80.0 MPH)
Pitching: RHP Allen Vesey
Batting: RHB Jorge Severiano 0-0: Called Strike
0-1: Fly out, F4 (Popup, 34D, EV 70.0 MPH)
Batting: RHB Tsutomu Irie 0-0: Ball
1-0: Foul Ball, location: 2F
1-1: Foul Ball, location: 2F
1-2: Foul Ball, location: 2F
1-2: Ball
2-2: Ball
3-2: Foul Ball, location: 2F
3-2: Base on Balls
Batting: RHB Ben Mischnick 0-0: Ball
Wild Pitch!
Tsutomu Irie to second
1-0: Called Strike
1-1: Ball
2-1: Foul Ball, location: 2F
2-2: Ball
3-2: Foul Ball, location: 2F
3-2: Base on Balls
Batting: RHB Isaiah Yarbrough 0-0: Ball
1-0: Ball
2-0: Fielders Choice at 2nd, 5-4 (Groundball, 5, EV 108.8 MPH)
Top of the 6th over - 0 runs, 0 hits, 0 errors, 2 left on base; Los Angeles 1 - San Francisco 3
BOTTOM OF THE 6TH
San Francisco Giants batting - Pitching for Los Angeles Dodgers : RHP Justin Scheithauer
Batting: RHB Quintin Parker 0-0: Ball
1-0: Ball
2-0: Foul Ball, location: 2F
2-1: Foul Ball, location: 2F
2-2: SOLO HOME RUN (Flyball, 7LD, EV 93.1 MPH), Distance : 346 ft
Batting: SHB Bill Dooms 0-0: SINGLE (Line Drive, 4D, EV 96.9 MPH)
Batting: RHB Henri Cederberg 0-0: Ball
1-0: Ball
Bill Dooms steals 2nd base
2-0: Intentional Walk
Batting: RHB Xavier Castellanos 0-0: Foul Ball, location: 2F
0-1: Fly out, F7 (Line Drive, 7S, EV 102.5 MPH)
Batting: RHB Jason May 0-0: Ball
1-0: Ball
2-0: Called Strike
2-1: Called Strike
Bill Dooms steals 3rd base
Henri Cederberg to second
2-2: Strikes out swinging
Batting: SHB Ryan Doss 0-0: Ball
1-0: Called Strike
1-1: Foul Ball, location: 2F
1-2: Foul Ball, location: 2F
1-2: Ground out U3 (Groundball, 3, EV 86.3 MPH)
Bottom of the 6th over - 1 run, 2 hits, 0 errors, 2 left on base; Los Angeles 1 - San Francisco 4
TOP OF THE 7TH
Los Angeles Dodgers batting - Pitching for San Francisco Giants : RHP Allen Vesey
Batting: SHB Joel Baker 0-0: Called Strike
0-1: Ball
1-1: Called Strike
1-2: Strikes out swinging
Batting: LHB Chris Ringwood 0-0: Foul Ball, location: 2F
0-1: Ball
1-1: Ball
2-1: Ball
3-1: Called Strike
3-2: Foul Ball, location: 2F
3-2: Ground out U3 (Groundball, 3, EV 93.1 MPH)
Batting: LHB Bob Branham 0-0: DOUBLE (Flyball, 78XD, EV 106.3 MPH)
Batting: LHB Lirak Bazhunaishvili 0-0: Reached on error, E5 (Popup, 56, EV 57.5 MPH)
Bob Branham to third
Batting: RHB Clay Buchanan 0-0: Ball
1-0: Ball
2-0: Called Strike
Lirak Bazhunaishvili steals 2nd base
2-1: Ball
3-1: Swinging Strike
3-2: Strikes out swinging
Top of the 7th over - 0 runs, 1 hit, 1 error, 2 left on base; Los Angeles 1 - San Francisco 4
BOTTOM OF THE 7TH
San Francisco Giants batting - Pitching for Los Angeles Dodgers : RHP Justin Scheithauer
Pitching: LHP Lance Crumpton
Batting: LHB Jack Henningar 0-0: Foul Ball, location: 2F
0-1: Called Strike
0-2: DOUBLE (Groundball, 3L, EV 105.6 MPH)
Batting: LHB Willis Robles 0-0: Called Strike
0-1: Ball
1-1: Ball
2-1: Ball
3-1: Called Strike
3-2: Foul Ball, location: 2F
3-2: Fly out, F8 (Flyball, 78M, EV 72.5 MPH)
Batting: RHB Sean Zielinski 0-0: Intentional Walk
Batting: RHB Quintin Parker 0-0: Ball
1-0: Foul Ball, location: 2F
1-1: Called Strike
1-2: Ball
2-2: SINGLE (Line Drive, 9LS, EV 101.3 MPH)
Jack Henningar to third
Sean Zielinski to second
Batting: SHB Bill Dooms 0-0: Called Strike
0-1: Swinging Strike
0-2: Ball
1-2: Foul Ball, location: 2F
1-2: Strikes out swinging
Batting: RHB Henri Cederberg 0-0: Ball
1-0: Fly out, F9 (Flyball, 9D, EV 104.4 MPH)
Bottom of the 7th over - 0 runs, 2 hits, 0 errors, 3 left on base; Los Angeles 1 - San Francisco 4
TOP OF THE 8TH
Los Angeles Dodgers batting - Pitching for San Francisco Giants : RHP Allen Vesey
Pitching: RHP Ricky Rodriguez
Batting: RHB Jorge Severiano 0-0: Ball
1-0: Swinging Strike
1-1: Foul Ball, location: 2F
1-2: Foul Ball, location: 2F
1-2: Ball
2-2: Foul Ball, location: 2F
2-2: Strikes out swinging
Batting: RHB Tsutomu Irie 0-0: Ball
1-0: Called Strike
1-1: Swinging Strike
1-2: Strikes out swinging
Batting: RHB Ben Mischnick 0-0: Swinging Strike
0-1: Called Strike
0-2: Ball
1-2: Strikes out swinging
Top of the 8th over - 0 runs, 0 hits, 0 errors, 0 left on base; Los Angeles 1 - San Francisco 4
BOTTOM OF THE 8TH
San Francisco Giants batting - Pitching for Los Angeles Dodgers : LHP Lance Crumpton
Pitching: LHP Sam Zegarelli
Batting: RHB Xavier Castellanos 0-0: Foul Ball, location: 2F
0-1: Ball
1-1: Ball
2-1: Foul Ball, location: 2F
2-2: Strikes out looking
Batting: RHB Jason May 0-0: Ball
1-0: Ball
2-0: Ball
3-0: Called Strike
3-1: Foul Ball, location: 2F
3-2: Foul Ball, location: 2F
3-2: Base on Balls
Batting: SHB Ryan Doss 0-0: Ball
1-0: Grounds into double play, 6-4-3 (Groundball, 6, EV 79.4 MPH)
Bottom of the 8th over - 0 runs, 0 hits, 0 errors, 0 left on base; Los Angeles 1 - San Francisco 4
TOP OF THE 9TH
Los Angeles Dodgers batting - Pitching for San Francisco Giants : RHP Ricky Rodriguez
Pitching: RHP Micah Teller
Batting: RHB Isaiah Yarbrough 0-0: Foul Ball, location: 2F
0-1: Fly out, F8 (Line Drive, 8LM, EV 95.0 MPH)
Batting: SHB Joel Baker 0-0: Called Strike
0-1: Ball
1-1: Fly out, F7 (Flyball, 7S, EV 86.9 MPH)
Batting: LHB Chris Ringwood 0-0: Foul Ball, location: 2F
0-1: Ball
1-1: SINGLE (Groundball, 6MD, EV 97.5 MPH)
Batting: LHB Bob Branham 0-0: Ball
1-0: Fly out, F8 (Line Drive, 8LD, EV 92.5 MPH)
Top of the 9th over - 0 runs, 1 hit, 0 errors, 1 left on base; Los Angeles 1 - San Francisco 4
Thursday, March 31st , 2022 - OOTP Baseball 22.12 Build 89